Match 22863916
Unlisted

Match 22863916
End
Construct Infanterie Kompanie
Grenadier Squad
MG 42 Machine Gun Team
MG 42 Machine Gun Team
Sniper
Construct Panzergrenadier Kompanie
Panzergrenadier Squad
251 Medium Carrier
Pak 40 Anti-tank Gun Team
Selects Mechanized Battlegroup
Selects Raid Package
MG 42 Machine Gun Team
Selects StuG Assault Group
StuG Assault Group
insanepiglet
风铃
我小叮当今晚要搞事!
Miško
Jonatanga
Eber
0
0

Comments sign in to comment!

No comments posted yet!